Map: Bel'Shir Vestige LE (Void)

Players

Railgan - Winner!

  • Race: Zerg Zerg
  • League: Grandmaster
  • Spawn Location: 11:00

DIRESTRAIT

  • Race: Zerg Zerg
  • League: Master
  • Spawn Location: 5:00

VOD

Have the link to the VOD?

Description

Time

  • Played on: March 20, 2017, 6:20 p.m.
  • Length: 12:04
Show
View Real Time Build Order
Export as new Build Order

Railgan Zerg - Winner!

Build Orders: Hatch First 

Get SALT Encoding   

  12  0:01  Drone  
  13  0:12  Overlord  
  13  0:17  Drone  
  14  0:30  Drone x2  
  16  0:35  Drone  
  17  0:52  Hatchery  
  17  0:54  Drone  
  17  0:58  Drone  
  18  1:08  Extractor  
  17  1:13  Spawning Pool  
  17  1:16  Drone  
  17  1:18  Drone  
  18  1:28  Drone  
  19  1:38  Overlord  
  19  1:51  Drone  
  20  1:59  Queen  
  20  2:00  Zergling x2  
  23  2:03  Queen  
  23  2:04  Baneling Nest  
  24  2:08  Drone  
  24  2:11  Drone  
  26  2:16  Drone  
  26  2:21  Drone  
  28  2:28  Drone  
  30  2:37  Drone x2  
  30  2:38  Roach Warren  
  30  2:43  Zergling x2  
  31  2:45  Queen  
  31  2:48  Overlord  
  33  2:56  Drone  
  33  2:58  Lair  
  33  3:07  Evolution Chamber, Drone x2  
  34  3:15  Drone  
  34  3:16  Drone  
  34  3:17  Drone x2  
  38  3:20  Drone  
  38  3:21  Drone  
  40  3:27  Evolution Chamber  
  40  3:29  Drone x2  
  40  3:33  Zerg Missile Weapons Level 1  
  41  3:39  Baneling x2  
  41  3:40  Drone  
  42  3:41  Drone  
  42  3:42  Drone  
  42  3:44  Extractor  
  42  3:47  Extractor  
  42  3:49  Roach  
  42  3:50  Overlord  
  44  3:55  Overlord  
  44  4:05  Evolution Chamber  
  43  4:13  Roach x4  
  43  4:16  Drone x5  
  56  4:27  Drone x4  
  56  4:29  Overlord  
  60  4:32  Overlord  
  59  4:39  Glial Reconstitution  
  59  4:40  Overlord  
  59  4:43  Overlord  
  59  4:45  Extractor  
  59  4:47  Overlord  
  59  4:50  Roach  
  60  4:55  Roach  
  60  4:59  Roach x3  
  68  5:05  Drone x2  
  70  5:08  Roach  
  70  5:09  Roach  
  74  5:15  Roach  
  74  5:18  Roach  
  78  5:26  Roach  
  78  5:27  Overlord, Roach x3  
  86  5:39  Roach x2  
  90  5:49  Roach  
  94  5:50  Roach  
  94  5:54  Roach  
  94  5:56  Hatchery  
  95  5:57  Roach x4  
  95  6:02  Zergling x4  
  105  6:09  Spine Crawler  
  104  6:17  Zerg Ground Armor Level 1  
  94  6:19  Zerg Missile Weapons Level 2  
  94  6:22  Roach x4  
  103  6:28  Baneling x2, Spine Crawler  
  102  6:46  Roach  
  108  6:47  Overlord, Roach x3  
  108  6:54  Overlord  
  108  7:00  Spire, Overlord  
  107  7:08  Overlord  
  107  7:12  Roach x3  
  103  7:27  Roach  
  103  7:28  Roach x7  
  107  7:44  Hydralisk Den  
  97  7:47  Roach x4  
  97  7:48  Roach x2  
  101  7:52  Drone  
  101  7:55  Spore Crawler  
  101  7:56  Spore Crawler  
  94  8:12  Spore Crawler  
  83  8:13  Spore Crawler  
  83  8:14  Hydralisk x6  
  88  8:22  Muscular Augments  
  86  8:28  Hydralisk  
  88  8:35  Hydralisk  
  88  8:36  Hydralisk  
  92  8:42  Overlord  
  92  8:45  Hydralisk  
  90  8:55  Hydralisk x2  
  88  9:06  Roach  
  88  9:07  Roach x3  
  96  9:15  Roach  
  96  9:16  Roach x2  
  98  9:30  Hydralisk x2  
  96  9:32  Drone  
  96  9:33  Drone x3  
  86  9:39  Drone x3  
  86  9:44  Hydralisk  
  85  9:59  Hydralisk x4  
  93  10:03  Roach  
  93  10:05  Roach  
  97  10:09  Roach  
  83  10:15  Hydralisk x2  
  85  10:25  Drone x6  
  89  10:39  Roach  
  89  10:40  Roach  
  85  10:46  Hydralisk  
  85  10:47  Hydralisk x4  
  85  10:48  Drone x2  
  93  10:51  Roach  
  93  10:55  Roach  
  97  10:58  Roach  
  97  11:00  Roach  
  97  11:02  Roach  
  103  11:06  Roach x2  
  103  11:08  Roach x2  
  113  11:11  Roach  
  109  11:21  Roach x5  
  109  11:25  Roach  
  121  11:28  Roach  
  121  11:31  Roach  
  121  11:32  Overlord  
  125  11:36  Roach x2  
  125  11:37  Overlord  
  129  11:44  Overlord  
  129  11:46  Overlord  
Show
View Real Time Build Order
Export as new Build Order

DIRESTRAIT Zerg 

Build Orders: Hatch First 

Get SALT Encoding   

  12  0:02  Drone  
  13  0:13  Overlord  
  13  0:17  Drone  
  14  0:31  Drone  
  14  0:32  Drone  
  14  0:35  Drone  
  17  0:53  Hatchery  
  17  0:54  Drone  
  17  0:58  Drone  
  17  1:00  Extractor  
  17  1:13  Spawning Pool  
  17  1:17  Drone  
  17  1:18  Drone  
  18  1:30  Drone  
  19  1:39  Overlord  
  19  2:00  Queen  
  21  2:01  Zergling x4  
  21  2:03  Metabolic Boost  
  21  2:05  Queen  
  21  2:06  Drone  
  26  2:13  Drone  
  27  2:25  Drone x2  
  27  2:27  Baneling Nest  
  27  2:29  Drone  
  29  2:34  Drone  
  30  2:39  Drone  
  30  2:43  Drone  
  32  2:48  Overlord  
  32  3:10  Drone x4  
  36  3:14  Baneling, Evolution Chamber  
  36  3:15  Zergling x2  
  36  3:16  Hatchery, Zergling x2  
  36  3:20  Zergling x2  
  36  3:23  Zergling x4  
  39  3:30  Overlord  
  42  3:44  Zerg Melee Weapons Level 1  
  42  3:45  Evolution Chamber  
  42  3:47  Drone  
  42  3:48  Drone  
  43  3:50  Drone x3  
  43  3:56  Lair  
  43  3:58  Drone x2  
  45  4:05  Drone x2  
  45  4:07  Drone  
  48  4:15  Extractor, Overlord  
  48  4:16  Extractor  
  46  4:17  Drone x3  
  46  4:20  Drone  
  46  4:22  Drone  
  46  4:23  Drone  
  52  4:28  Queen  
  54  4:38  Extractor, Zerg Ground Armor Level 1  
  50  4:39  Drone x2  
  50  4:40  Drone x2  
  54  4:50  Zergling x4  
  54  4:51  Zergling x10  
  61  4:57  Overlord  
  61  4:58  Overlord  
  61  5:06  Spire  
  60  5:11  Zergling x8  
  64  5:16  Zergling x6  
  64  5:19  Zergling x2  
  66  5:23  Zergling x6  
  66  5:24  Zergling x2  
  70  5:30  Zergling x4  
  70  5:31  Zergling x2  
  73  5:37  Zergling x8  
  73  5:38  Zergling x2  
  77  5:43  Zerg Melee Weapons Level 2  
  75  5:53  Zergling x6  
  75  5:54  Zergling x8  
  77  5:59  Zergling x6  
  79  6:17  Mutalisk x2  
  81  6:21  Overlord  
  81  6:22  Overlord  
  80  6:44  Mutalisk x2  
  80  6:45  Mutalisk x5  
  91  6:50  Drone x6  
  97  6:54  Zerg Flyer Weapons Level 1  
  97  6:59  Overlord x2  
  97  7:07  Overlord  
  95  7:18  Zergling x12  
  76  7:30  Mutalisk x2  
  76  7:31  Mutalisk  
  76  7:32  Mutalisk  
  76  7:35  Zergling x4  
  76  7:36  Zergling x8  
  77  7:49  Drone x2  
  77  7:50  Drone x2  
  78  7:57  Drone x2  
  78  7:58  Drone  
  80  8:00  Drone x3  
  77  8:08  Mutalisk x2  
  78  8:20  Drone x4  
  78  8:23  Queen  
  84  8:28  Mutalisk  
  84  8:33  Infestation Pit  
  81  8:41  Mutalisk  
  81  8:45  Zergling x6  
  81  8:46  Zergling x2  
  85  8:57  Extractor  
  85  8:58  Extractor  
  85  9:01  Mutalisk x2  
  87  9:03  Zergling x8  
  78  9:26  Drone x7  
  79  9:55  Hive  
  79  9:59  Drone  
  78  10:12  Mutalisk x2  
  68  10:17  Zergling x6  
  68  10:18  Zergling x6  
  74  10:23  Zergling x4  
  76  10:31  Queen  
  78  10:39  Drone x2  
  78  10:40  Drone x2  
  77  10:45  Mutalisk x2  
  77  10:49  Drone  
  80  10:52  Drone x2  
  80  10:56  Drone  
  83  11:02  Zergling x4  
  79  11:20  Drone x3  
  79  11:21  Drone x2  
  79  11:23  Ultralisk Cavern  
  79  11:24  Zergling x2  
  84  11:27  Queen  
  84  11:28  Swarm Host  
  89  11:35  Zergling x4  
  93  11:45  Zergling x4  
Tags
 
Add a new tag
Caveats
  • Supply blocks, unpowered buildings, or Contaminate may cause inaccurate times.
  • Supply counts are checked every 10 seconds.